 Dungeon Crawl Stone Soup version 0.25-a0-861-g340c9e8194 (webtiles) character file.

Game seed: 5938124588305327018, levelgen mode: deterministic

100363 unvid the Deadly Accurate (level 16, 0/158 HPs)
             Began as an Ogre Hunter on Apr 29, 2020.
             Was the Champion of Okawaru.
             Slain by a six-headed hydra (10 damage)
             ... on level 1 of the Swamp.
             The game lasted 01:16:03 (34219 turns).

unvid the Deadly Accurate (Ogre Hunter)            Turns: 34219, Time: 01:16:07

Health: 0/158      AC:  9    Str: 22    XL:     16   Next: 27%
Magic:  22/22      EV: 12    Int: 13    God:    Okawaru [******]
Gold:   2315       SH: 17    Dex: 11    Spells: 15/15 levels left

rFire    . . .     SeeInvis +   b - +8 whip "Snakebite" {curare, rPois}
rCold    + . .     Gourm    .   T - +4 kite shield {reflect}
rNeg     + . .     Faith    .   d - +0 troll leather armour
rPois    +         Spirit   .   g - +0 hat {SInv}
rElec    .         Reflect  +   P - +2 cloak {MR+}
rCorr    .         Harm     .   (gloves unavailable)
MR       ++...                  (boots unavailable)
Stlth    ++........             n - +2 amulet of reflection
HPRegen  0.76/turn              u - ring of protection from cold
MPRegen  0.18/turn              k - ring "Bodaschi" {+Fly rN+ Stlth+}

@: very slightly contaminated
A: large, unfitting armour, tough skin 1
a: Heroism, Finesse, Renounce Religion, Evoke Flight


You were on level 1 of the Swamp.
You worshipped Okawaru.
Okawaru was exalted by your worship.
You were not hungry.

You visited 5 branches of the dungeon, and saw 25 of its levels.
You also visited: Gauntlet and Volcano.

You collected 3534 gold pieces.
You spent 1219 gold pieces at shops.

Inventory:

Hand Weapons
 a - the +6 mace of Checks and Balances {flame, rF++}
   (You bought it in a shop on level 10 of the Dungeon)

   It has been specially enchanted to burn those struck by it, causing extra
   injury to most foes and up to half again as much damage against particularly
   susceptible opponents.
   It greatly protects you from fire.
 b - the +8 whip "Snakebite" (weapon) {curare, rPois}
   (Okawaru gifted it to you on level 3 of the Lair of Beasts)

   It poisons the flesh of those it strikes.
   It protects you from poison.
 W - a +4 eveningstar of flaming
Missiles
 c - 36 large rocks (quivered)
 v - 3 curare-tipped darts
 x - 15 javelins
 D - 7 atropa-tipped darts
 G - 21 silver boomerangs
 S - 4 datura-tipped darts
 V - a silver javelin
Armour
 d - a +0 troll leather armour (worn)
 g - a +0 hat of see invisible (worn)
 I - a scarf of resistance
 P - a +2 cloak of magic resistance (worn)
 T - a +4 kite shield of reflection (worn)
Jewellery
 k - the ring "Bodaschi" (right hand) {+Fly rN+ Stlth+}
   (You found it in a Gauntlet)

   [ring of positive energy]

   It protects you from negative energy.
   It lets you fly.
   It makes you more stealthy.
 l - an uncursed ring of fire
 n - a +2 amulet of reflection (around neck)
 u - a ring of protection from cold (left hand)
 M - an uncursed ring of ice
 R - the ring of Nihilism {*Tele +Fly Slay+3}
   (You took it off a minotaur in a Gauntlet)

   [ring of teleportation]

   It may teleport you next to monsters.
   It affects your accuracy and damage with ranged weapons and melee attacks
   (+3).
   It lets you fly.
Wands
 r - a wand of disintegration (24)
 w - a wand of clouds (7)
 H - a wand of flame (15)
 O - a wand of paralysis (10)
 Q - a wand of digging (6)
 X - a wand of iceblast (11)
Scrolls
 h - a scroll of vulnerability
 j - 6 scrolls of fear
 m - 2 scrolls of magic mapping
 p - 6 scrolls of teleportation
 q - 9 scrolls of remove curse
 B - 5 scrolls of immolation
 E - a scroll of summoning
 F - 2 scrolls of fog
Potions
 e - 2 potions of cancellation
 i - 10 potions of flight
 s - 3 potions of stabbing
 t - 9 potions of curing
 z - 3 potions of ambrosia
 C - 3 potions of brilliance
 J - a potion of magic
 L - 3 potions of berserk rage
 N - 2 potions of haste
 U - a potion of heal wounds
 Y - 2 potions of lignification
 Z - a potion of might
Miscellaneous
 A - a lightning rod (4/4)
 K - 2 boxes of beasts
Comestibles
 f - 46 rations
 y - a chunk of flesh


   Skills:
 - Level 10.1 Fighting
 - Level 13.2 Maces & Flails
 + Level 15.6 Throwing
 + Level 5.4 Armour
 + Level 6.3 Dodging
 - Level 0.6 Stealth
 - Level 9.0 Shields
 - Level 7.9 Invocations
 - Level 8.0 Evocations


You had 15 spell levels left.
You didn't know any spells.
Your spell library contained the following spells:

 Spells                   Type           Power        Failure   Level  Hunger
 Animate Skeleton         Necr           N/A          34%         1    ##.....
 Foxfire                  Conj/Fire      #...         34%         1    ##.....
 Freeze                   Ice            #...         34%         1    ##.....
 Magic Dart               Conj           #...         34%         1    ##.....
 Pain                     Necr           #...         34%         1    ##.....
 Shock                    Conj/Air       #...         34%         1    ##.....
 Blink                    Tloc           N/A          47%         2    ###....
 Ensorcelled Hibernation  Hex/Ice        #.....       47%         2    ###....
 Shroud of Golubria       Chrm/Tloc      #.....       47%         2    ###....
 Swiftness                Chrm/Air       #.......     47%         2    ###....
 Conjure Flame            Conj/Fire      #.......     71%         3    ####...
 Frozen Ramparts          Ice            #.....       71%         3    ####...
 Gell's Gravitas          Tloc           #.........   71%         3    ####...
 Inner Flame              Hex/Fire       #.......     71%         3    ####...
 Lesser Beckoning         Tloc           #.........   71%         3    ####...
 Mephitic Cloud           Conj/Pois/Air  #.......     71%         3    ####...
 Ozocubu's Armour         Chrm/Ice       #.......     71%         3    ####...
 Static Discharge         Conj/Air       #.......     71%         3    ####...
 Teleport Other           Tloc           #.......     71%         3    ####...
 Vampiric Draining        Necr           #.........   71%         3    ####...
 Airstrike                Air            #.........   98%         4    #####..
 Animate Dead             Necr           N/A          98%         4    #####..
 Hailstorm                Conj/Ice       #.......     98%         4    #####..
 Ice Form                 Ice/Tmut       #.......     98%         4    #####..
 Passage of Golubria      Tloc           N/A          98%         4    #####..
 Sticky Flame             Conj/Fire      #.......     98%         4    #####..
 Summon Ice Beast         Ice/Summ       #.......     98%         4    #####..
 Agony                    Necr           #.......     100%        5    ######.
 Fireball                 Conj/Fire      #.........   100%        5    ######.
 Lightning Bolt           Conj/Air       #.........   100%        5    ######.
 Metabolic Englaciation   Hex/Ice        #.........   100%        5    ######.
 Yara's Violent Unravell  Hex/Tmut       #.........   100%        5    ######.
 Freezing Cloud           Conj/Ice/Air   #.........   100%        6    #######
 Iron Shot                Conj/Erth      #.........   100%        6    #######
 Ozocubu's Refrigeration  Ice            #.........   100%        6    #######
 Simulacrum               Ice/Necr       #.........   100%        6    #######
 Malign Gateway           Summ/Tloc      #.........   100%        7    #######
 Monstrous Menagerie      Summ           #.........   100%        7    #######
 Summon Greater Demon     Summ           #.........   100%        7    #######
 Discord                  Hex            #.........   100%        8    #######
 Summon Horrible Things   Summ           #.........   100%        8    #######


Dungeon Overview and Level Annotations

Branches:
Dungeon (15/15)            Temple (0/1) D:6            Lair (6/6) D:10
  Swamp (1/4) Lair:4       Spider (0/4) Lair:2        Slime (1/5) Lair:5
    Orc (2/2) D:9             Elf (0/3) Orc:2        Vaults (0/5) D:14
 Depths (0/5) D:15        Volcano (visited)         Gauntlet (visited)

Altars:
Fedhas
Gozag
Hepliaklqana
Okawaru
Sif Muna
Vehumet
Xom
Zin
Beogh
Jiyva

Shops:
D:10 (   D:13 !%   D:15 [   Orc:2 (*%([

Annotations:
D:5 3 runed translucent doors, bohran's ghost, novice GnSk
D:8 1 runed translucent door, Xiguana's ghost, journeyman OgVM


Innate Abilities, Weirdness & Mutations

You are too large for most types of armour.
You have tough skin. (AC +1)


Message History

Evoke which item? (* to show all) (? for menu, Esc to quit)
Aiming: Iceblast
Press: ? - help, Shift-Dir - straight line, f - six-headed hydra
Aim: a six-headed hydra (moderately wounded)
The mass of ice explodes!
The iceblast engulfs the six-headed hydra!!
The six-headed hydra is severely wounded.
Your larval oxweird beast hits the six-headed hydra.
Your larval oxweird beast tramples the six-headed hydra.
The six-headed hydra holds its ground!
Unknown command.
Unknown command.
You feel much better.
You block the six-headed hydra's attack.
The six-headed hydra bites you!
* * * LOW HITPOINT WARNING * * *
The six-headed hydra bites you!
* * * LOW HITPOINT WARNING * * *
The six-headed hydra barely misses you. x2; The six-headed hydra bites you!
You die...

≈...≈..≈.≈)<≈.≈≈≈≈...
...♣.≈≈≈≈≈.≈..≈♣≈≈≈≈
♣ ♣♣≈.♣≈≈)≈♣..≈≈≈.≈
♣≈.≈≈≈≈≈≈≈.♣≈≈≈♣
♣♣.≈.≈.≈≈≈...≈♣.
♣.≈♣≈[♣....♣♣.
♣.≈≈≈HD.♣♣♣♣
♣♣..≈D.♣♣♣ ♣.≈≈.@♣♣
♣♣.≈≈.♣♣ ♣♣.≈≈≈♣♣
♣♣...♣♣♣ ♣..♣♣♣ ♣♣♣♣


You could see 2 six-headed hydras and a friendly larval oxweird beast.

Vanquished Creatures
  Donald (Orc:2)
  A minotaur (Gauntlet)
  6 dire elephants (Lair:6)
  A death ooze (Gauntlet)
  A yaktaur captain (D:15)
  8 hydras
  Harold (D:10)
  A catoblepas (Lair:4)
  2 centaur warriors
  An anaconda (Lair:6)
  7 two-headed ogres
  A tengu warrior (D:13)
  Urug (Lair:2)
  Sonja (D:13)
  A fire crab (Gauntlet)
  A salamander mystic (Volcano)
  A hell knight (Volcano)
  3 unseen horrors
  A spriggan druid (Swamp:1)
  An unseen horror (shapeshifter) (D:14)
  4 orc knights
  An orc sorcerer (Orc:2)
  A wolf spider (Lair:6)
  Pikel (D:7)
  4 deep elf magi
  3 cyclopes
  13 ugly things
  7 elephants
  3 salamanders (Volcano)
  A black mamba (shapeshifter) (D:14)
  2 black mambas
  A smoke demon (Gauntlet)
  Psyche (D:11)
  2 gargoyles
  10 spiny frogs
  4 rime drakes
  2 minotaur zombies (Gauntlet)
  A kobold demonologist (D:13)
  An efreet (D:13)
  2 yaktaurs
  3 tengu conjurers
  9 trolls
  10 komodo dragons
  3 meliai (D:15)
  2 queen bees
  A bog body (Lair:4)
  2 polar bears
  2 jumping spiders (Lair:2)
  14 slime creatures
  2 hornets
  10 hippogriffs
  12 blink frogs
  A snapping turtle (shapeshifter) (D:14)
  A spriggan (shapeshifter) (D:14)
  7 redbacks (Lair:2)
  2 wyverns
  2 spriggans (Swamp:1)
  9 fire bats
  A vampire (D:10)
  A wraith (D:12)
  50 yaks
  2 hungry ghosts
  6 basilisks
  4 vampire mosquitoes (D:14)
  13 wargs
  2 swamp worms
  15 water moccasins
  An acid dragon (D:14)
  4 hell hounds
  8 porcupines
  7 ice beasts
  42 orc warriors
  4 phantoms
  A slave (D:7)
  A swamp drake (Lair:4)
  3 sky beasts
  A black bear (D:9)
  A hornet zombie (D:15)
  6 ogres
  15 wolves
  17 centaurs
  14 crocodiles
  3 big kobolds (D:12)
  18 bullfrogs
  A gnoll sergeant (D:7)
  6 scorpions
  A water moccasin skeleton (D:5)
  8 wights
  43 killer bees
  3 howler monkeys
  11 crimson imps
  9 lava snakes
  2 centaur zombies
  2 quasits
  Crazy Yiuf (D:7)
  5 jellies
  11 orc priests
  9 hounds
  21 orc wizards
  4 bullfrog skeletons
  5 centaur skeletons
  2 iguanas
  7 worker ants
  A howler monkey skeleton (D:6)
  Robin (D:4)
  8 gnolls
  12 adders
  An ooze (D:1)
  2 worms
  3 leopard geckos
  78 orcs
  2 ball pythons
  6 giant cockroaches
  7 goblins
  8 hobgoblins
  22 jackals
  4 quokkas
  8 bats
  8 frilled lizards
  A jackal zombie (D:6)
  6 kobolds
  2 leopard gecko skeletons
  A leopard gecko zombie (D:7)
  A quokka zombie (D:8)
  5 rats
  5 plants (Lair:6)
780 creatures vanquished.

Vanquished Creatures (others)
  A centaur warrior (D:15)
  3 cyclopes
  A crocodile (Lair:5)
  17 fungi
  9 plants
31 creatures vanquished.

Grand Total: 811 creatures vanquished

Notes
Turn   | Place    | Note
-------+----------+-------------------------------------------
     0 | D:1      | unvid the Ogre Hunter began the quest for the Orb.
     0 | D:1      | Reached XP level 1. HP: 22/22 MP: 1/1
    98 | D:1      | You fall into a shaft and drop 1 floor!
   162 | D:2      | Reached XP level 2. HP: 31/31 MP: 2/2
   175 | D:2      | Found a glowing silver altar of Zin.
   826 | D:2      | Reached XP level 3. HP: 37/37 MP: 3/3
  2092 | D:3      | Reached skill level 5 in Throwing
  2142 | D:3      | Reached XP level 4. HP: 48/48 MP: 4/4
  2188 | D:3      | Found a blossoming altar of Fedhas.
  2202 | D:3      | Found a radiant altar of Vehumet.
  2840 | D:4      | Reached XP level 5. HP: 10/55 MP: 5/5
  3243 | D:4      | Reached skill level 6 in Throwing
  3315 | D:4      | Noticed Robin
  3316 | D:4      | Killed Robin
  3411 | D:4      | Reached skill level 5 in Fighting
  3411 | D:4      | Reached XP level 6. HP: 52/66 MP: 6/6
  3702 | D:4      | Got a brightly glowing dagger
  3703 | D:4      | Identified the +9 dagger of Annihilation {flame, rN+} (You
                  | found it on level 4 of the Dungeon)
  3812 | D:4      | Found a hazy altar of Hepliaklqana.
  4176 | D:5      | Entered Level 5 of the Dungeon
  4369 | D:5      | Reached skill level 1 in Evocations
  4408 | D:5      | Found a runed translucent gate.
  4408 | D:5      | Found a runed translucent gate.
  4408 | D:5      | Found a runed translucent gate.
  4408 | D:5      | Noticed bohran's ghost (novice GnSk)
  4515 | D:5      | Noticed a sky beast
  4533 | D:5      | Killed a sky beast
  4533 | D:5      | Reached XP level 7. HP: 44/74 MP: 8/8
  4818 | D:5      | Reached skill level 7 in Throwing
  5408 | D:5      | Reached XP level 8. HP: 71/83 MP: 10/10
  5880 | D:6      | Found an iron altar of Okawaru.
  5889 | D:6      | Became a worshipper of Warmaster Okawaru
  6274 | D:6      | Reached skill level 8 in Throwing
  6974 | D:6      | Found a staircase to the Ecumenical Temple.
  7819 | D:7      | Reached XP level 9. HP: 84/93 MP: 12/12
  7857 | D:7      | Noticed Pikel
  7913 | D:7      | Reached * piety under Okawaru
  8175 | D:7      | Found an opulent altar of Gozag.
  8328 | D:7      | Reached skill level 5 in Evocations
  8370 | D:7      | Reached skill level 9 in Throwing
  9079 | D:7      | Found a runed translucent door.
  9080 | D:7      | Noticed Crazy Yiuf
  9256 | D:7      | Killed Pikel
  9256 | D:7      | Reached ** piety under Okawaru
  9629 | D:7      | Got a dull robe
  9640 | D:7      | Identified the cursed +0 robe of the Onion {rF+} (You found
                  | it on level 7 of the Dungeon)
  9782 | D:7      | Killed Crazy Yiuf
 10250 | D:8      | Reached skill level 10 in Throwing
 10269 | D:8      | Reached XP level 10. HP: 69/106 MP: 14/14
 10632 | D:8      | Found a runed translucent door.
 10634 | D:8      | Noticed Xiguana's ghost (journeyman OgVM)
 11953 | D:9      | Noticed a two-headed ogre
 11971 | D:9      | Killed a two-headed ogre
 12037 | D:9      | Found a staircase to the Orcish Mines.
 12107 | D:9      | Reached *** piety under Okawaru
 12467 | D:9      | Found a shimmering altar of Xom.
 12467 | D:9      | Found a shimmering altar of Xom.
 12468 | D:9      | Found a shimmering altar of Xom.
 12469 | D:9      | Found a shimmering altar of Xom.
 12469 | D:9      | Found a shimmering altar of Xom.
 12469 | D:9      | Found a shimmering altar of Xom.
 12470 | D:9      | Found a shimmering altar of Xom.
 12471 | D:9      | Found a shimmering altar of Xom.
 12611 | D:10     | Entered Level 10 of the Dungeon
 12766 | D:10     | Reached skill level 11 in Throwing
 12793 | D:10     | Received a gift from Okawaru
 12793 | D:10     | Reached skill level 10 in Fighting
 12991 | D:10     | Found Uponottu's Antique Weapon Shoppe.
 13191 | D:10     | Bought a jewelled mace for 200 gold pieces
 13191 | D:10     | Identified the +6 mace of Checks and Balances {flame, rF++}
                  | (You bought it in a shop on level 10 of the Dungeon)
 13341 | D:10     | Noticed a two-headed ogre
 13403 | D:10     | Reached skill level 1 in Maces & Flails
 13403 | D:10     | Reached skill level 1 in Invocations
 13403 | D:10     | Reached XP level 11. HP: 87/117 MP: 17/17
 13635 | D:9      | Received a gift from Okawaru
 14395 | D:10     | Found a staircase to the Lair.
 14423 | D:10     | Killed an unseen horror
 14423 | D:10     | Reached **** piety under Okawaru
 14423 | D:10     | Received a gift from Okawaru
 15138 | D:10     | Killed a two-headed ogre
 15283 | Lair:1   | Entered Level 1 of the Lair of Beasts
 15591 | Lair:1   | Received a gift from Okawaru
 16173 | Lair:2   | Noticed Urug
 16202 | Lair:2   | Killed Urug
 16202 | Lair:2   | Reached skill level 5 in Maces & Flails
 16355 | Lair:2   | Reached skill level 12 in Throwing
 16357 | Lair:2   | Reached ***** piety under Okawaru
 16357 | Lair:2   | Received a gift from Okawaru
 16372 | Lair:2   | Received a gift from Okawaru
 16577 | Lair:2   | Noticed a seven-headed hydra
 16689 | Lair:2   | Killed a seven-headed hydra
 16689 | Lair:2   | Received a gift from Okawaru
 16689 | Lair:2   | Reached skill level 5 in Invocations
 16689 | Lair:2   | Reached XP level 12. HP: 32/126 MP: 15/18
 16690 | Lair:2   | Got a distressingly furry robe {god gift}
 16701 | Lair:2   | Identified the +2 robe of Uciu {Stlth+} (Okawaru gifted it
                  | to you on level 2 of the Lair of Beasts)
 17036 | Lair:2   | Found a hole to the Spider Nest.
 17310 | Lair:2   | HP: 1/126 [yak (8)]
 17955 | Lair:2   | Noticed a five-headed hydra
 17961 | Lair:2   | Killed a five-headed hydra
 18267 | Lair:2   | You fall into a shaft and drop 2 floors!
 18423 | Lair:3   | Found a dark tunnel.
 18475 | Volcano  | Entered a volcano
 18618 | Volcano  | Received a gift from Okawaru
 18629 | Volcano  | Found a radiant altar of Vehumet.
 18910 | Lair:2   | Reached skill level 13 in Throwing
 19237 | D:11     | Noticed Harold
 19240 | D:11     | Noticed a six-headed hydra
 19255 | D:10     | Killed Harold
 19255 | D:10     | Received a gift from Okawaru
 19255 | D:10     | Reached XP level 13. HP: 97/133 MP: 16/19
 19704 | D:11     | Noticed Psyche
 19707 | D:11     | Killed Psyche
 19741 | D:11     | Reached skill level 1 in Shields
 20282 | D:12     | Received a gift from Okawaru
 20347 | D:12     | Reached skill level 10 in Maces & Flails
 20563 | D:12     | Received a gift from Okawaru
 21756 | D:13     | Received a gift from Okawaru
 21757 | D:13     | Found the +7 sceptre of Torment {pain, torment}
 21773 | D:13     | Found Lewum's Distillery.
 21847 | D:13     | Reached skill level 5 in Shields
 21946 | D:13     | Noticed Sonja
 21948 | D:13     | Killed Sonja
 21948 | D:13     | Received a gift from Okawaru
 22089 | D:13     | Identified a scroll of acquirement
 22152 | D:13     | Bought a potion of degeneration for 16 gold pieces
 22155 | D:13     | Bought a potion of curing for 48 gold pieces
 22155 | D:13     | Bought a potion of invisibility for 128 gold pieces
 22155 | D:13     | Bought a potion of berserk rage for 80 gold pieces
 22155 | D:13     | Bought a potion of mutation for 128 gold pieces
 22155 | D:13     | Bought a potion of haste for 160 gold pieces
 22295 | D:13     | Reached XP level 14. HP: 136/143 MP: 20/20
 22834 | D:13     | Found Ahafi's Food Shop.
 22941 | Orc:1    | Entered Level 1 of the Orcish Mines
 23531 | Orc:2    | Entered Level 2 of the Orcish Mines
 23560 | Orc:2    | Found Gefeyvoa's Food Boutique.
 23694 | Orc:2    | Found a gate leading to a gauntlet.
 23709 | Gauntlet | Entered a Gauntlet
 23709 | Gauntlet | Found a transporter.
 23709 | Gauntlet | Found a transporter.
 23709 | Gauntlet | Found a runed translucent gate.
 23709 | Gauntlet | Found a runed translucent gate.
 23709 | Gauntlet | Found a runed translucent gate.
 23712 | Gauntlet | Found a transporter.
 23712 | Gauntlet | Found a transporter.
 23716 | Gauntlet | Found a transporter.
 23716 | Gauntlet | Found a transporter.
 23753 | Gauntlet | Found a transporter.
 23758 | Gauntlet | Found a transporter.
 23764 | Gauntlet | Found a runed translucent door.
 23767 | Gauntlet | Found a transporter.
 23781 | Gauntlet | Found a transporter.
 23802 | Gauntlet | Found a transporter.
 23806 | Gauntlet | Found a transporter.
 24098 | Gauntlet | Got a heavily runed amber ring
 24099 | Gauntlet | Identified the ring "Bodaschi" {+Fly rN+ Stlth+} (You found
                  | it in a Gauntlet)
 24210 | Gauntlet | Identified the ring of Nihilism {*Tele +Fly Slay+3}
 24217 | Gauntlet | Reached skill level 14 in Throwing
 24221 | Gauntlet | Identified the Compendium of Icy Conjuration
 24221 | Gauntlet | Identified the Collected Works on Ensnaring Cold
 24767 | Orc:2    | Noticed Donald
 24777 | Orc:2    | Killed Donald
 24813 | Orc:2    | Reached ****** piety under Okawaru
 24813 | Orc:2    | Received a gift from Okawaru
 25447 | Orc:2    | Found a roughly hewn altar of Beogh.
 25460 | Orc:2    | Found Donning's Antique Armour Shop.
 25460 | Orc:2    | Found Nioz's Weapon Emporium.
 25499 | Orc:2    | Received a gift from Okawaru
 25503 | Orc:2    | Found Utoff's Assorted Antiques.
 25503 | Orc:2    | Found Zomiokhle's Antique Weapon Emporium.
 25529 | Orc:2    | Bought a scroll of fear for 119 gold pieces
 25529 | Orc:2    | Bought a scroll labeled JEYDOPH MUPTA for 34 gold pieces
 25529 | Orc:2    | Bought a potion of heal wounds for 170 gold pieces
 25529 | Orc:2    | Bought a wand of disintegration (10) for 136 gold pieces
 26082 | Orc:2    | Found a staircase to the Elven Halls.
 27019 | D:14     | Received a gift from Okawaru
 27045 | D:14     | Got a transparent shortbow {god gift}
 27560 | D:14     | Reached XP level 15. HP: 149/149 MP: 21/21
 27608 | D:14     | Found a gate to the Vaults.
 27912 | D:14     | Received a gift from Okawaru
 28138 | D:15     | Entered Level 15 of the Dungeon
 28160 | D:15     | Found a blossoming altar of Fedhas.
 28359 | D:15     | Reached skill level 1 in Armour
 28894 | D:15     | Found Qeasehun's Armour Shoppe.
 29025 | D:15     | Found a staircase to the Depths.
 29323 | Lair:3   | Received a gift from Okawaru
 29324 | Lair:3   | Found the +8 whip "Snakebite" {curare, rPois}
 30527 | Lair:4   | Found a staircase to the Swamp.
 30783 | Lair:4   | You fall into a shaft and drop 2 floors!
 30783 | Lair:6   | Entered Level 6 of the Lair of Beasts
 30813 | Lair:6   | Reached skill level 15 in Throwing
 31121 | Lair:6   | Found a shimmering blue altar of Sif Muna.
 31193 | Lair:6   | Received a gift from Okawaru
 31251 | Lair:6   | Received a gift from Okawaru
 32001 | Lair:6   | Reached skill level 5 in Dodging
 32261 | Lair:6   | Reached XP level 16. HP: 106/158 MP: 22/22
 32962 | Lair:5   | Found a shimmering blue altar of Sif Muna.
 33021 | Lair:5   | Reached skill level 5 in Armour
 33310 | Lair:5   | Found a viscous altar of Jiyva.
 33310 | Lair:5   | Found a staircase to the Slime Pits.
 33317 | Slime:1  | Entered Level 1 of the Pits of Slime
 33953 | Swamp:1  | Entered Level 1 of the Swamp
 34212 | Swamp:1  | HP: 7/158 [six-headed hydra (1)]
 34212 | Swamp:1  | HP: 2/158 [six-headed hydra (5)]
 34219 | Swamp:1  | Slain by a six-headed hydra

Levels and vault maps discovered:
D:1:      saegor_arrival_simple_b, layout_loops_ring
D:2:      layout_basic, lemuel_doored_altar, grunt_ministairs_9
D:3:      layout_rooms, amethyst_overflow_temple_binary, first_ration
D:4:      layout_basic, kennysheep_little_box, uniq_robin
D:5:      layout_loops_ring, gammafunk_ghost_necromancy
D:6:      layout_rooms, minmay_temple_entry_ruins, okawaru_trees_1
D:7:      layout_basic, grunt_gozag_breadcrumbs, minivault_1,
          uniq_crazy_yiuf_cottage, uniq_pikel
D:8:      layout_loops_ring, ebering_ghost_reflecting_pool
D:9:      layout_basic, xom_shifter_show, orc_0_dummy
D:10:     layout_loops_ring, minmay_lair_entry_grove, serial_shops, shop
D:11:     layout_loops_ring, uniq_harold, uniq_psyche
D:12:     layout_basic, david_nohive_1, minmay_unpleasant_kobolds
D:13:     layout_gridville, serial_shops, shop, kennysheep_mini, uniq_sonja
D:14:     layout_basic, david_vaults_2, roderic_lattice_a
D:15:     grunt_enter_depths_snipers, layout_rooms, serial_shops,
          nicolae_shop_behind_doors, minmay_misc_feat_secret_circle,
          special_room [special_room_bee], minmay_statues_item, fedhas_altar_3
Lair:1:   layout_regular_city
Lair:2:   layout_concentric_octagons, nicolae_spider_entry_tight_spaces,
          st_stairs_5, uniq_urug
Lair:3:   layout_misc_corridors, enter_volcano_3, lemuel_fruit_fields,
          lemuel_fruit_tree
Lair:4:   layout_regular_city, swamp_mist_pool
Lair:5:   layout_loops_ring, dpeg_slime_entry_enclosed_altar, basic_altar,
          infiniplex_staircase_pool_2
Lair:6:   due_jungle_book, layout_concentric_octagons, basic_altar,
          grunt_megastairs_1
Swamp:1:  layout_falls_marsh, nicolae_swamp_trees_clearing, swamp_pool1,
          hangedman_swamp_muck
Slime:1:  layout_caves
Orc:1:    cheibrodos_orc_bank, layout_diamond_mine, mines2_lemuel
Orc:2:    st_orc_town, layout_caves, serial_shops, nicolae_shop_trees,
          gauntlet_entry_generic, nicolae_orc_rockfall, nooodl_orcs_dogs,
          uniq_donald

Skill      XL: |  1  2  3  4  5  6  7  8  9 10 11 12 13 14 15 16 |
---------------+-------------------------------------------------+-----
Fighting       | 3 4 5 6 7 8 10 | 10.1
Throwing       | 5 6 7 8 10 11 12 13 14 15 | 15.6
Evocations     | 1 3 4 6 8 |  8.0
Maces & Flails | 1 6 9 11 12 13 | 13.2
Invocations    | 1 5 7 |  7.9
Shields        | 5 8 9 |  9.0
Dodging        | 5 6 |  6.3
Armour         | 4 5 |  5.4
Stealth        | |  0.6

Action                   |  1- 3 |  4- 6 |  7- 9 | 10-12 | 13-15 | 16-18 || total
-------------------------+-------+-------+-------+-------+-------+-------++-------
Melee: Short sword       |    15 |       |       |       |       |       ||    15
       Mace              |    66 |   102 |       |   248 |   895 |    10 ||  1321
       Dagger            |       |    34 |   239 |   105 |       |       ||   378
       Whip              |       |       |       |       |   492 |   149 ||   641
       Eveningstar       |       |       |       |       |   108 |       ||   108
Throw: Large rock        |    17 |    14 |    53 |    70 |    58 |    24 ||   236
       Throwing net      |       |     2 |     2 |     7 |       |       ||    11
       Boomerang         |       |       |       |    47 |    56 |       ||   103
       Javelin           |       |       |       |   100 |   196 |       ||   296
       Dart              |       |       |       |     3 |     3 |       ||     6
Invok: Heroism           |       |       |       |     6 |     4 |       ||    10
Evoke: Wand              |       |     2 |       |    21 |     6 |     5 ||    34
       Box of beasts     |       |       |       |       |       |     1 ||     1
  Use: Scroll            |     2 |     3 |     8 |    18 |    13 |     2 ||    46
       Potion            |       |     3 |     1 |     4 |     1 |     1 ||    10
 Stab: Sleeping          |     3 |     2 |       |       |     8 |     2 ||    15
       Distracted        |       |       |       |     1 |     2 |       ||     3
  Eat: Chunk             |     4 |     8 |    14 |    22 |    33 |     7 ||    88
       Ration            |       |       |     1 |     2 |     3 |       ||     6
Armor: Robe              |    47 |    59 |    78 |    11 |       |       ||   195
       Troll leather arm |       |       |       |   144 |   286 |    20 ||   450
Dodge: Dodged            |    61 |   108 |   149 |   246 |   351 |    40 ||   955
Block: Other             |       |     1 |    18 |    38 |     1 |       ||    58
       Reflection        |       |       |     3 |     1 |    35 |     1 ||    40
       Kite shield       |       |       |       |       |   898 |    91 ||   989

Table legend:
 A = Non-vault XP
 B = Vault XP
 C = Vault XP percentage of total XP
 D = Non-vault monster count
 E = Vault monster count
 F = Vault count percentage of total count
                 A         B        C        D         E       F
            +---------+---------+-------+---------+---------+-------
      Total |  101677 |   41700 |  29.1 |     560 |     218 |  28.0
            +---------+---------+-------+---------+---------+-------
        D:1 |      27 |       0 |   0.0 |      14 |       0 |   0.0
        D:2 |      35 |       7 |  16.7 |       8 |       2 |  20.0
        D:3 |      39 |       0 |   0.0 |      22 |       0 |   0.0
        D:4 |     212 |      20 |   8.6 |      14 |       4 |  22.2
        D:5 |    1089 |       0 |   0.0 |      27 |       0 |   0.0
        D:6 |     588 |       0 |   0.0 |      26 |       0 |   0.0
        D:7 |    1528 |     628 |  29.1 |      25 |       2 |   7.4
        D:8 |     933 |       0 |   0.0 |      21 |       0 |   0.0
        D:9 |    3037 |     530 |  14.9 |      23 |       3 |  11.5
       D:10 |    3880 |    2648 |  40.6 |      26 |      11 |  29.7
       D:11 |    1823 |     448 |  19.7 |      19 |       1 |   5.0
       D:12 |    8769 |    1485 |  14.5 |      43 |      21 |  32.8
       D:13 |   10878 |     788 |   6.8 |      37 |       1 |   2.6
       D:14 |   11348 |    1374 |  10.8 |      42 |       3 |   6.7
       D:15 |    8550 |    4722 |  35.6 |      19 |      27 |  58.7
     Lair:1 |    1374 |       0 |   0.0 |       7 |       0 |   0.0
     Lair:2 |    7055 |    3819 |  35.1 |      28 |      13 |  31.7
     Lair:3 |    3254 |     287 |   8.1 |      15 |       2 |  11.8
     Lair:4 |    7036 |       0 |   0.0 |      28 |       0 |   0.0
     Lair:5 |    5843 |       0 |   0.0 |      22 |       0 |   0.0
     Lair:6 |   16933 |    4074 |  19.4 |      41 |       9 |  18.0
    Swamp:1 |    3168 |       0 |   0.0 |       6 |       0 |   0.0
      Orc:1 |    1310 |     893 |  40.5 |      13 |      13 |  50.0
      Orc:2 |    2968 |    9838 |  76.8 |      34 |      72 |  67.9
    Volcano |       0 |    4669 | 100.0 |       0 |      19 | 100.0
   Gauntlet |       0 |    5470 | 100.0 |       0 |      15 | 100.0
            +---------+---------+-------+---------+---------+-------
